 Dungeon Crawl Stone Soup version 0.31.0-12-g77e489cdc1 (webtiles) character file.

Game seed: 18394703889672983932

85 Curundu the Chopper (level 4, -12/36 HPs)
             Began as a Human Berserker on Feb 14, 2024.
             Was a Follower of Trog.
             Killed by divine providence
             ... invoked by an orc priest
              (15 damage)
             ... on level 3 of the Dungeon.
             The game lasted 00:04:21 (1798 turns).

Curundu the Chopper (Human Berserker)               Turns: 1798, Time: 00:04:24

Health: -12/36     AC:  6    Str: 19    XL:     4   Next: 48%
Magic:  4/4        EV: 10    Int:  7    God:    Trog [*.....]
Gold:   148        SH:  0    Dex: 13    Spells: 3/3 levels left

rFire   . . .        a - +0 hand axe
rCold   . . .        (no shield)
rNeg    . . .        c - +0 scale mail
rPois   .            (no helmet)
rElec   .            (no cloak)
rCorr   .            (no gloves)
SInv    .            (no boots)
Will    .....        (no amulet) Stlth
                     (no ring)
HPRegen 0.26/turn    (no ring)
MPRegen 0.09/turn

%: no passive effects
@: on berserk cooldown, slowed, very slow
A: explore regen
a: Renounce Religion, Berserk


You were on level 3 of the Dungeon.
You worshipped Trog.
Trog was aware of your devotion.
You visited 1 branch of the dungeon, and saw 3 of its levels.

You collected 148 gold pieces.

Inventory:

Hand Weapons
 a - a +0 hand axe (weapon)
Armour
 c - a +0 scale mail (worn)
Jewellery
 h - an amulet of guardian spirit
Scrolls
 b - 3 scrolls of identify {unknown}
 d - a scroll of enchant weapon {unknown}
 g - a scroll of enchant armour {unknown}
 i - a scroll of teleportation {unknown}
 j - a scroll of immolation {unknown}
Potions
 e - 3 potions of attraction {unknown}
 f - a potion of ambrosia {unknown}


   Skills:
 + Level 3.6 Fighting
 + Level 4.0 Axes
 + Level 2.7 Armour
 + Level 2.2 Dodging
 + Level 0.2 Stealth


You had 3 spell levels left.
You didn't know any spells.
Your spell library was empty.

Dungeon Overview and Level Annotations

Branches:
Dungeon (3/15)

Altars:


Innate Abilities, Weirdness & Mutations

You regain HP and MP as you explore.


Message History

A red film seems to cover your vision as you go berserk!
You feel yourself moving faster!
You feel mighty! The orc hits you but does no damage. The iguana bites you!
* * * LOW HITPOINT WARNING * * *
You slash the iguana!
You kill the iguana!
Trog accepts your kill.
You closely miss the orc. The orc closely misses you.
Your Axes skill increases to level 4!
You barely miss the orc. The orc barely misses you.
You slash the orc!
You kill the orc!
Trog accepts your kill.
Things that are here:
a +0 club; a frilled lizard corpse You feel a strong urge to attack something.
You feel your anger nearly subside.
You are no longer berserk.
You are exhausted.
You feel yourself slow down.
You start resting.
An orc priest comes into view. It is wielding a +0 hand axe.
An orc comes into view. It is wielding a +0 flail.
There are monsters nearby!
The orc priest looks braver for a moment.
Okay, then.
Okay, then.
The orc hits you with a +0 flail. x2
* * * LOW HITPOINT WARNING * * *
The orc priest hits you with a +0 hand axe.
* * * LOW HITPOINT WARNING * * *
You hit the orc but do no damage.
You hit the orc priest but do no damage.
The orc hits you but does no damage. The orc priest closely misses you.
You hit the orc.
The orc is severely wounded.
You closely miss the orc priest. The orc hits you with a +0 flail.
* * * LOW HITPOINT WARNING * * *
The orc priest invokes the aid of Beogh against you.
Beogh smites you!
You die...

.. .....#. .
.#....... ..
....o....
...######..o.(...
.................
........).# ..
......(..## #..
.........######..#
..........o@.#.....
..........o.........
....................
##.#................
#.#.#..............
#...#..............
#.# #..............
.. ##....<........
##...........


You could see an orc priest and an orc.

Vanquished Creatures
  Jessica (D:2)
  An iguana (D:3)
  A dart slug (D:1)
  An orc (D:3)
  3 ball pythons
  3 bats
  3 endoplasms
  A giant cockroach (D:1)
  4 goblins
  A hobgoblin (D:1)
  2 quokkas (D:1)
  3 frilled lizards
  4 kobolds
  2 rats (D:2)
30 creatures vanquished.

Notes
Turn   | Place    | Note
-------+----------+-------------------------------------------
     0 | D:1      | Curundu the Human Berserker began the quest for the Orb.
     0 | D:1      | Reached XP level 1. HP: 18/18 MP: 1/1
   322 | D:1      | Reached XP level 2. HP: 24/24 MP: 2/2
  1074 | D:2      | Reached XP level 3. HP: 26/29 MP: 3/3
  1475 | D:2      | Noticed Jessica
  1488 | D:2      | Killed Jessica
  1767 | D:3      | Reached XP level 4. HP: 21/35 MP: 4/4
  1778 | D:3      | Reached skill level 4 in Axes
  1798 | D:3      | Killed from afar by an orc priest

Illustrated notes

Levels and vault maps discovered:
D:1:      minmay_arrival_four_loops, layout_loops_cross,
          shapermc_ecumenical_altar_petra
D:2:      layout_basic, due_unseen_surprise, uniq_jessica
D:3:      layout_rooms, solitary_fountain

Skill      XL: |  1  2  3  4 |
---------------+-------------+-----
Axes           | 4 |  4.0
Fighting       | |  3.6
Armour         | |  2.7
Dodging        | |  2.2
Stealth        | |  0.2

Action                     |  1- 3 |  4- 6 || total
---------------------------+-------+-------++-------
  Melee: Hand axe          |    87 |    14 ||   101
         Punch             |     1 |       ||     1
 Invoke: Berserk           |       |     1 ||     1
 Armour: Scale mail        |    55 |    12 ||    67
         Skin              |     2 |       ||     2
  Dodge: Dodged            |    41 |    10 ||    51
